 Dungeon Crawl Stone Soup version 0.30-a0-535-g2c0b3469a7 (webtiles) character file.

Game seed: 4494965165725512148

158 Conn the Sneak (level 5, -3/31 HPs)
             Began as an Octopode Fire Elementalist on Dec 25, 2022.
             Killed from afar by Natasha (8 damage)
             ... with a magic dart
             ... on level 3 of the Dungeon.
             The game lasted 00:04:31 (2428 turns).

Conn the Sneak (Octopode Fire Elementalist)         Turns: 2428, Time: 00:04:32

Health: -3/31      AC:  1    Str:  8    XL:     5   Next: 39%
Magic:  2/9        EV: 13    Int: 19    God:
Gold:   204        SH:  0    Dex: 12    Spells: 4/10 levels left

rFire   . . .      SeeInvis .    g - +0 short sword (drain)
rCold   . . .      Faith    .    (no shield)
rNeg    . . .      Spirit   .    (helmet restricted)
rPois   .          Reflect  .    (no amulet)
rElec   .          Harm     .    (no ring)
rCorr   .          Rampage  .    (no ring)
Will    .....                    (no ring)
Stlth   ++++                     (no ring)
HPRegen 0.25/turn                (no ring)
MPRegen 0.11/turn                (no ring)
                                 (no ring)
                                 (no ring)

@: slowed, very slow
A: almost no armour, amphibious, 8 rings, camouflage 1, gelatinous body 1,
(nimble swimmer 1), tentacles
a: no special abilities


You were on level 3 of the Dungeon.
You visited 1 branch of the dungeon, and saw 3 of its levels.

You collected 204 gold pieces.

Inventory:

Hand Weapons
 d - a +0 dagger
 g - a +0 short sword of draining (weapon)
Jewellery
 i - a +4 ring of slaying
Scrolls
 b - 2 scrolls of brand weapon {unknown}
 c - a scroll of butterflies {unknown}
 h - a scroll of teleportation {unknown}
 j - a scroll of identify {unknown}
 l - a scroll of enchant armour {unknown}
Potions
 a - a potion of magic
 e - a potion of ambrosia {unknown}
 f - a potion of curing {unknown}
 k - a potion of heal wounds {unknown}


   Skills:
 + Level 0.1 Fighting
 + Level 1.0 Short Blades
 + Level 2.3 Dodging
 + Level 4.4 Stealth
 + Level 3.1 Spellcasting
 + Level 1.5 Conjurations
 + Level 3.9 Fire Magic


You had 4 spell levels left.
You knew the following spells:

 Your Spells              Type           Power      Damage    Failure   Level
a - Foxfire               Conj/Fire      52%        2x1d6     4%          1
b - Kindle Blastsparks    Fire/Tloc/Air  14%        2d11      26%         3
e - Scorch                Fire           36%        2d6       4%          2

Your spell library contained the following spells:

 Spells                   Type           Power      Damage    Failure   Level
 Inner Flame              Hex/Fire       10%        N/A       21%         3
 Flame Wave               Conj/Fire      13%        2d6       43%         4


Dungeon Overview and Level Annotations

Branches:
Dungeon (3/15)

Altars:
Okawaru

Shops:
D:2 *

Annotations:
D:3 Natasha


Innate Abilities, Weirdness & Mutations

You cannot wear most types of armour.
You are amphibious.
You can wear up to eight rings at the same time.
Your skin changes colour to match your surroundings (Stealth+).
Your rubbery body absorbs attacks. (AC +1, EV +1)
((You are camouflaged when in or above water. (Stealth+)))
You have tentacles for arms and can constrict up to eight enemies at once.


Message History

Natasha misses you.
The foxfire hits Natasha.
Natasha is moderately wounded.
Unknown command.
Unknown command.
Unknown command.
Casting: Foxfire (safe; 4% risk of failure)
Confirm with . or Enter, or press ? or * to list all spells.
You conjure some foxfire!
Natasha claws you!
Unknown command.
You miss Natasha. Your grab misses Natasha.
Natasha is moderately wounded.
The foxfire hits Natasha.
Natasha is heavily wounded.
Natasha mumbles some strange words.
Unknown command.
The foxfire hits Natasha.
Natasha is heavily wounded.
Natasha casts a spell at you.
You feel yourself slow down. Natasha casts a spell at you.
The magic dart hits you.
Press: ? - help, v - describe, . - travel The floor, spattered with blood.
Unknown command.
Casting: Foxfire (safe; 4% risk of failure)
Confirm with . or Enter, or press ? or * to list all spells.
Flames lash Natasha.
Natasha is severely wounded.
Natasha's fire resistance burns away.
Natasha stares at you and mumbles some strange words.
The magic dart hits you!
* * * LOW HITPOINT WARNING * * *
Your magical contamination has completely faded away.
Unknown command.
Casting: Scorch (safe; 4% risk of failure)
Confirm with . or Enter, or press ? or * to list all spells.
You conjure some foxfire!
Natasha stares at you and mumbles some strange words.
The magic dart hits you!
You die...

..# #.# #.# #>#
..## #.# ... ...
...# #.# #.# #.#
#..#####.# ......
....<....#
##.#.#.#.#
.#.###########
#..†...... ...#
##...## ##5#.#.#.
####
#.....####h........
#......v@.#.#.#.#.#
# #.....###v.....#
# ##...## ######.#
# ##.## ... # #.#
### # #.# # #.# #
#.# #######
###########.#
#.....#


You could see Natasha (empowered, combustible, ally target) and a shadow imp
(summoned).

Vanquished Creatures
  A hound (D:3)
  3 gnolls (D:2)
  3 adders
  2 worms (D:2)
  3 dart slugs
  3 endoplasms (D:1)
  2 giant cockroaches
  6 goblins
  7 hobgoblins
  4 jackals (D:2)
  6 kobolds
  2 quokkas
  5 ball pythons
  6 bats
  2 frilled lizards
  8 rats
63 creatures vanquished.

Vanquished Creatures (others)
  127 foxfires
  A plant (D:2)
128 creatures vanquished.

Grand Total: 191 creatures vanquished

Notes
Turn   | Place    | Note
-------+----------+-------------------------------------------
     0 | D:1      | Conn the Octopode Fire Elementalist began the quest for the
                  | Orb.
     0 | D:1      | Reached XP level 1. HP: 11/11 MP: 3/3
   122 | D:1      | Reached XP level 2. HP: 17/17 MP: 5/5
   254 | D:1      | Reached skill level 3 in Stealth
   660 | D:2      | Found Niexer's General Store.
   686 | D:2      | Found a faded altar of an unknown god.
   723 | D:2      | Reached XP level 3. HP: 21/21 MP: 0/6
   780 | D:2      | Learned a level 2 spell: Scorch
   784 | D:2      | Learned a level 3 spell: Kindle Blastsparks
  1039 | D:2      | Reached XP level 4. HP: 9/27 MP: 0/8
  2022 | D:3      | Reached skill level 4 in Stealth
  2022 | D:3      | Reached XP level 5. HP: 29/31 MP: 9/9
  2149 | D:3      | Found an iron altar of Okawaru.
  2273 | D:3      | Reached skill level 1 in Short Blades
  2416 | D:3      | Noticed Natasha
  2428 | D:3      | Killed from afar by Natasha

Illustrated notes

Levels and vault maps discovered:
D:1:      mrwooster_arrival_statue, layout_rooms
D:2:      layout_basic, serial_shops, shop, dreamdust_ecumenical_altar_grove,
          kennysheep_generic_room_13
D:3:      layout_loops_cross, kennysheep_okawaru_gauntlet, st_stairs_9,
          uniq_natasha

Skill      XL: |  1  2  3  4  5 |
---------------+----------------+-----
Stealth        | 3 4 |  4.4
Spellcasting   | 3 |  3.1
Short Blades   | 1 |  1.0
Fighting       | |  0.1
Dodging        | |  2.3
Conjurations   | |  1.5
Fire Magic     | |  3.9

Action                   |  1- 3 |  4- 6 || total
-------------------------+-------+-------++-------
Melee: Dagger            |    18 |       ||    18
       Constrict         |     9 |     7 ||    16
       Short sword       |    16 |    35 ||    51
       Tentacles         |     3 |     6 ||     9
 Cast: Foxfire           |    45 |    33 ||    78
       Scorch            |       |     1 ||     1
 Stab: Sleeping          |     5 |    15 ||    20
Armor: Skin              |     4 |     2 ||     6
Dodge: Dodged            |    21 |    12 ||    33

Table legend: (Time is in decaauts)
 A = Elapsed time spent in this place.
 B = Non-inter-level travel time spent in this place.
 C = Inter-level travel time spent in this place.
 D = Time resting spent in this place.
 E = Time spent auto-exploring this place.
 F = Levels seen in this place.
 G = Mean time per level.
                   A        B        C        D        E       F      G
               +--------+--------+--------+--------+--------+-----+--------+
         Total |   2425 |   2407 |     18 |      0 |   1781 |   3 |  808.3 |
       Dungeon |   2425 |   2407 |     18 |      0 |   1781 |   3 |  808.3 |
               +--------+--------+--------+--------+--------+-----+--------+

Top non-repeatable levels by time:
     D:2: 1217 daAuts
     D:1: 659 daAuts
     D:3: 549 daAuts
